AoeStats
← kabotajoe

Arabia

505013322Analyzed
1v1 RM · 24d ago on Sep 7, 2026· 26m 27s· 2 players
Game mode
Random Map
Map size
Tiny (2 player)
Population
200
Speed
Normal
Resources
Standard
Victory
Conquest
Starting age
Dark Age
Ending age
Imperial Age
RankedLock teamsTeams togetherTeam positionsShared explorationLock speedFull tech treeHidden civsTurbo modeCheats
Victory
Defeat
🇨🇳 Maya · China
863
+15
🇩🇪 Inca · Germany
841
-15
kabotajoe
8:34 Loom
11:07 Feudal Age
11:30 Horse Collar
11:36 Double-Bit Axe
25:34 Wheelbarrow
AAA_ 陆小飘
0:33 Loom
10:43 Feudal Age
18:13 Horse Collar
25:45 Castle Age
24:01 Fletching
24:12 Padded Archer Armor
26:41 Squires
Connection lost

Rejoining the realm…

Still unreachable

The connection could not be restored.

Session expired

The server has moved on; the page needs a fresh start.